 Dungeon Sprint DCSS version 0.17.1-1-g73c8601 (webtiles) character file.

15200 zercules the Wrestler (level 11, -2/101 HPs)
             Began as a Troll Monk on Feb 13, 2016.
             Was the Champion of Cheibriados.
             Slain by a sixfirhy (7 damage)
             ... summoned by an orc high priest
             ... in the Dungeon (Sprint IX: "|||||||||||||||||||||||||||||").
             The game lasted 00:08:28 (1309 turns).

zercules the Wrestler (Troll Monk)                  Turns: 1309, Time: 00:08:29

Health: -2/101     AC:  8    Str: 39    XL:     11   Next: 98%
Magic:  10/10      EV: 12    Int: 24    God:    Cheibriados [******]
Gold:   1272       SH:  0    Dex: 27    Spells: 0 memorised, 10 levels left

rFire  . . .     SeeInvis .       - Unarmed
rCold  . . .     Clarity  .     a - +0 robe
rNeg   . . .     SustAt   .     (no shield)
rPois  .         Gourm    +     (helmet restricted)
rElec  .         Spirit   .     e - +0 cloak
rCorr  .         Warding  .     (gloves unavailable)
rMut   .         NoTele   +     (boots unavailable)
MR     .....                    (no amulet)
Stlth  ++........               g - +2 ring of protection
                                l - +3 ring of intelligence

@: very slow, not resistant to hostile enchantments, unstealthy
A: unfitting armour, claws 3, fast metabolism 3, gourmand, regeneration 2,
shaggy fur 1, tough skin 2
a: Bend Time, Temporal Distortion, Slouch, Step From Time, Renounce Religion


You were in the Dungeon.
You worshipped Cheibriados.
Cheibriados was exalted by your worship.
You were very full.

You visited 1 branch You collected 1272 gold pieces.

Inventory:

Armour
 a - a +0 robe (worn)
 e - a +0 cloak (worn)
Jewellery
 g - a +2 ring of protection (right claw)
 l - a +3 ring of intelligence (left claw)
Wands
 m - a wand of draining (4)
Scrolls
 h - 2 scrolls of blinking
 k - 3 scrolls of remove curse
 p - 2 scrolls of fear
 q - a scroll of identify
Potions
 c - 5 potions of curing
 f - 4 potions of magic
 i - a potion of might
 j - a potion of invisibility
 o - a potion of resistance
 s - a potion of flight
Comestibles
 b - 14 bread rations
 t - 13 meat rations
 u - 40 fruits


   Skills:
 + Level 4.9 Fighting
 - Level 2.4 Dodging
 - Level 1.1 Stealth
 + Level 26.3 Unarmed Combat


You had 10 spell levels left.
You didn't know any spells.

Dungeon Overview and Level Annotations

Branches:
Dungeon (1/1)

Altars:
Cheibriados
Dithmenos
Elyvilon
Fedhas
Gozag
Kikubaaqudgha
Makhleb
Nemelex Xobeh
Okawaru
Qazlal
Ru
Sif Muna
Trog
Vehumet
Xom
Yredelemnul
Zin
The Shining One
Beogh
Jiyva
Lugonu

Shops:
D *}


Innate Abilities, Weirdness & Mutations

You are too large for most types of armour.
You have claws for hands.
Your metabolism is lightning-fast.
You like to eat raw meat.
You heal very quickly.
You are covered in fur (AC +1).
You have very tough skin (AC +2).


Message History

* * * LOW HITPOINT WARNING * * *
You scratch the orc knight. You claw the orc knight!!
The orc knight is severely wounded.
You scratch the orc knight but do no damage.
Your claw misses the orc knight.
The orc knight is severely wounded.
You mangle the orc knight!!
You kill the orc knight!
Cheibriados appreciates the change of pace.
The sixfirhy hits you.
* * * LOW HITPOINT WARNING * * *
The sixfirhy shocks you!
* * * LOW HITPOINT WARNING * * *
The sixfirhy hits you but does no damage.
Items here: $ )))) [[[[ †††† You scratch the sixfirhy but do no damage.
The sixfirhy hits you!
* * * LOW HITPOINT WARNING * * *
The sixfirhy shocks you!
You die...

▓)▓.▓'▓.▓_▓
▓.▓.▓÷▓.▓_▓
▓.▓.▓.▓.▓_▓
▓.▓.▓.▓.▓_▓
▓.▓.▓.▓.▓_▓
▓.▓.▓.▓.▓_▓
▓'▓.▓.▓.▓_▓
▓)▓.▓.▓.▓_▓
▓@▓.▓.▓.▓_▓
▓4▓.▓.▓.▓_▓
▓o▓.▓'▓.▓_▓
▓4▓.▓†▓.▓_▓
▓.▓.▓÷▓.▓_▓
▓.▓.▓.▓.▓_▓
▓.▓.▓.▓.▓_▓
▓.▓.▓.▓.▓_▓
▓.▓)▓.▓.▓_▓


You could see an orc high priest, an orange demon and a sixfirhy.

Vanquished Creatures
  2 catoblepae (D)
  A centaur warrior (D)
  A tengu warrior (D)
  4 orc high priests (D)
  4 death yaks (D)
  6 orc knights (D)
  A hill giant (D)
  2 black mambas (D)
  Psyche (D)
  3 komodo dragons (D)
  A fire drake (D)
  3 yaks (D)
  2 blink frogs (D)
  A deep elf mage (D)
  A hippogriff (D)
  A hungry ghost (D)
  Eustachio (D)
  2 porcupines (D)
  6 orc warriors (D)
  A sky beast (D)
  A giant frog (D)
  A crocodile (D)
  A scorpion (D)
  2 hounds (D)
  A crimson imp (D)
  3 iguanas (D)
  4 orc wizards (D)
  2 adders (D)
  A river rat (D)
  A shadow imp (D)
  An adder skeleton (D)
  A giant gecko (D)
  12 orcs (D)
  2 giant cockroaches (D)
  2 goblins (D)
  A jackal (D)
  A bat (D)
81 creatures vanquished.

Notes
Turn   | Place    | Note
--------------------------------------------------------------
     0 | D        | zercules the Troll Monk began the quest for the Orb.
     0 | D        | Reached XP level 1. HP: 22/22 MP: 0/0
     7 | D        | Reached skill level 5 in Unarmed Combat
    32 | D        | Noticed a hound
    34 | D        | Reached skill level 6 in Unarmed Combat
    34 | D        | Reached XP level 2. HP: 29/29 MP: 1/1
    42 | D        | Reached skill level 7 in Unarmed Combat
    51 | D        | Killed a hound
    51 | D        | Reached skill level 8 in Unarmed Combat
    51 | D        | Reached XP level 3. HP: 19/36 MP: 2/2
    87 | D        | Found a glowing silver altar of Zin.
    87 | D        | Found a glowing golden altar of the Shining One.
    87 | D        | Found an ancient bone altar of Kikubaaqudgha.
    87 | D        | Found a basalt altar of Yredelemnul.
    87 | D        | Found a shimmering altar of Xom.
    87 | D        | Found a radiant altar of Vehumet.
    88 | D        | Found an iron altar of Okawaru.
    89 | D        | Found a burning altar of Makhleb.
    90 | D        | Found a deep blue altar of Sif Muna.
    91 | D        | Found a bloodstained altar of Trog.
    92 | D        | Found a sparkling altar of Nemelex Xobeh.
    93 | D        | Found a white marble altar of Elyvilon.
    94 | D        | Found a roughly hewn altar of Beogh.
    95 | D        | Found a viscous altar of Jiyva.
    96 | D        | Found a corrupted altar of Lugonu.
    97 | D        | Found a blossoming altar of Fedhas.
    98 | D        | Found a snail-covered altar of Cheibriados.
    99 | D        | Found a shadowy altar of Dithmenos.
   100 | D        | Found a stormy altar of Qazlal.
   101 | D        | Found an opulent altar of Gozag.
   102 | D        | Found a sacrificial altar of Ru.
   118 | D        | Became a worshipper of Cheibriados the Contemplative
   118 | D        | Reached * piety under Cheibriados
   118 | D        | Reached ** piety under Cheibriados
   152 | D        | Noticed a crimson imp
   152 | D        | Noticed a sky beast
   152 | D        | Noticed a hound
   152 | D        | Noticed a hungry ghost
   155 | D        | Killed a crimson imp
   155 | D        | Reached skill level 9 in Unarmed Combat
   155 | D        | Reached XP level 4. HP: 44/44 MP: 3/3
   160 | D        | Killed a sky beast
   160 | D        | Reached skill level 11 in Unarmed Combat
   160 | D        | Reached XP level 5. HP: 42/50 MP: 4/4
   162 | D        | Reached *** piety under Cheibriados
   163 | D        | Killed a hound
   163 | D        | Reached skill level 12 in Unarmed Combat
   171 | D        | Killed a hungry ghost
   171 | D        | Reached skill level 13 in Unarmed Combat
   171 | D        | Reached XP level 6. HP: 55/59 MP: 5/5
   307 | D        | Noticed a centaur warrior
   307 | D        | Noticed a scorpion
   307 | D        | Noticed a tengu warrior
   307 | D        | Noticed a deep elf mage
   307 | D        | Noticed a hill giant
   312 | D        | Killed a centaur warrior
   312 | D        | Reached **** piety under Cheibriados
   312 | D        | Reached skill level 16 in Unarmed Combat
   312 | D        | Reached XP level 7. HP: 35/66 MP: 6/6
   312 | D        | Reached XP level 8. HP: 39/74 MP: 7/7
   320 | D        | Killed a tengu warrior
   320 | D        | Reached skill level 18 in Unarmed Combat
   322 | D        | Killed a scorpion
   324 | D        | Reached ***** piety under Cheibriados
   326 | D        | Killed a deep elf mage
   331 | D        | Killed a hill giant
   331 | D        | Reached skill level 19 in Unarmed Combat
   331 | D        | Reached XP level 9. HP: 30/80 MP: 8/8
   524 | D        | Noticed a hippogriff
   524 | D        | Noticed an iguana
   524 | D        | Noticed a porcupine
   524 | D        | Noticed a komodo dragon
   524 | D        | Noticed a black mamba
   524 | D        | Noticed an iguana
   525 | D        | Noticed a komodo dragon
   527 | D        | Killed a hippogriff
   532 | D        | Killed an iguana
   533 | D        | Noticed a fire drake
   535 | D        | Killed a porcupine
   538 | D        | Killed a komodo dragon
   538 | D        | Reached skill level 20 in Unarmed Combat
   541 | D        | Killed a black mamba
   541 | D        | Reached ****** piety under Cheibriados
   543 | D        | Killed a komodo dragon
   544 | D        | Killed an iguana
   547 | D        | Killed a fire drake
   547 | D        | Reached skill level 21 in Unarmed Combat
   548 | D        | Noticed a crocodile
   560 | D        | Killed a crocodile
   610 | D        | Noticed an iguana
   610 | D        | Noticed a blink frog
   610 | D        | Noticed a giant frog
   610 | D        | Noticed a porcupine
   610 | D        | Noticed a death yak
   610 | D        | Noticed a komodo dragon
   611 | D        | Noticed a black mamba
   612 | D        | Killed an iguana
   613 | D        | Killed a blink frog
   613 | D        | Reached XP level 10. HP: 88/88 MP: 9/9
   620 | D        | Killed a death yak
   623 | D        | Noticed a blink frog
   623 | D        | Killed a giant frog
   625 | D        | Killed a porcupine
   628 | D        | Killed a komodo dragon
   628 | D        | Reached skill level 22 in Unarmed Combat
   630 | D        | Killed a black mamba
   639 | D        | Killed a blink frog
   779 | D        | Noticed a catoblepas
   779 | D        | Noticed a yak
   779 | D        | Noticed a yak
   779 | D        | Noticed a death yak
   779 | D        | Noticed a death yak
   779 | D        | Noticed a yak
   782 | D        | Killed a catoblepas
   783 | D        | Noticed a catoblepas
   784 | D        | Killed a yak
   788 | D        | Killed a death yak
   788 | D        | Reached skill level 23 in Unarmed Combat
   789 | D        | Noticed a death yak
   794 | D        | Killed a death yak
   799 | D        | Killed a catoblepas
   799 | D        | Reached XP level 11. HP: 54/94 MP: 10/10
   803 | D        | Killed a death yak
   803 | D        | Reached skill level 24 in Unarmed Combat
   805 | D        | Killed a yak
   807 | D        | Killed a yak
   917 | D        | Noticed Eustachio
   924 | D        | Killed Eustachio
   940 | D        | Noticed Psyche
   946 | D        | Killed Psyche
   999 | D        | Noticed an orc wizard
   999 | D        | Noticed an orc wizard
  1001 | D        | Killed an orc wizard
  1004 | D        | Killed an orc wizard
  1014 | D        | Noticed an orc wizard
  1018 | D        | Killed an orc wizard
  1067 | D        | Noticed an orc knight
  1067 | D        | Noticed an orc wizard
  1067 | D        | Noticed an orc knight
  1067 | D        | Noticed an orc warrior
  1067 | D        | Noticed an orc warrior
  1068 | D        | Noticed an orc warrior
  1068 | D        | Noticed an orc knight
  1073 | D        | Killed an orc knight
  1074 | D        | Noticed an orc knight
  1088 | D        | Killed an orc knight
  1097 | D        | Killed an orc knight
  1097 | D        | Reached skill level 25 in Unarmed Combat
  1099 | D        | Killed an orc knight
  1104 | D        | Killed an orc warrior
  1106 | D        | Killed an orc warrior
  1110 | D        | Killed an orc warrior
  1112 | D        | Killed an orc wizard
  1113 | D        | Noticed an orc warrior
  1120 | D        | Killed an orc warrior
  1205 | D        | Noticed an orc warrior
  1208 | D        | Noticed an orc warrior
  1212 | D        | Killed an orc warrior
  1215 | D        | Killed an orc warrior
  1245 | D        | Found Geatil's General Store.
  1245 | D        | Noticed an orc high priest
  1245 | D        | Noticed an orc knight
  1245 | D        | Noticed an orc high priest
  1245 | D        | Noticed an orc high priest
  1245 | D        | Noticed an orc high priest
  1248 | D        | Noticed an orc knight
  1250 | D        | Killed an orc high priest
  1254 | D        | Killed an orc knight
  1257 | D        | Found Unuung's Gadget Shoppe.
  1257 | D        | Noticed an orc high priest
  1284 | D        | Killed an orc high priest
  1289 | D        | HP: 4/98 [orc high priest/glaive (7)]
  1296 | D        | Killed an orc high priest
  1296 | D        | Reached skill level 26 in Unarmed Combat
  1302 | D        | Killed an orc high priest
  1307 | D        | Killed an orc knight
  1309 | D        | HP: 5/101 [sixfirhy[an orc high priest] (8)]
  1309 | D        | Slain by a sixfirhy

Action                   |  1- 3 |  4- 6 |  7- 9 | 10-12 || total
-------------------------+-------+-------+-------+-------++-------
Melee: Unarmed           |    27 |    19 |    46 |   129 ||   221
Evoke: Wand              |       |       |       |     3 ||     3
  Use: Potion            |       |       |     2 |     6 ||     8
       Scroll            |       |       |       |     2 ||     2
 Stab: Distracted        |     1 |       |       |       ||     1
       Sleeping          |       |       |     1 |     1 ||     2
  Eat: Chunk             |     6 |     7 |     5 |     3 ||    21
